 Dungeon Crawl Stone Soup version 0.27.0-1-g7a089689b8 (webtiles) character file.

Game seed: 2860859849543639539

43 SnakkuSnakku7 the Sneak (level 3, -1/24 HPs)
             Began as a Vampire Hedge Wizard on Aug 12, 2021.
             Frozen to death by an endoplasm (5 damage)
             ... on level 1 of the Dungeon.
             The game lasted 00:02:10 (1044 turns).

SnakkuSnakku7 the Sneak (Vampire Hedge Wizard)      Turns: 1044, Time: 00:02:11

Health: -1/24      AC:  2    Str:  9    XL:     3   Next: 37%
Magic:  6/7        EV: 12    Int: 17    God:
Gold:   25         SH:  0    Dex: 13    Spells: 4/8 levels left

rFire    . . .     SeeInvis +   a - +0 dagger
rCold    . . .     Faith    .   (no shield)
rNeg     . . .     Spirit   .   b - +0 robe
rPois    .         Reflect  .   c - +0 hat
rElec    .         Harm     .   (no cloak)
rCorr    .         Rampage  .   (no gloves)
Will     .....                  (no boots)
Stlth    +++.......             (no amulet)
HPRegen  0.28/turn              (no ring)
MPRegen  0.10/turn              (no ring)

@: very slightly contaminated, healing quickly
A: alive, fangs 3, see invisible, vampiric 2
a: Exsanguinate


You were on level 1 of the Dungeon.
You visited 1 branch of the dungeon, and saw 2 of its levels.

You collected 25 gold pieces.

Inventory:

Hand Weapons
 a - a +0 dagger (weapon)
Missiles
 i - 19 poisoned darts
Armour
 b - a +0 robe (worn)
 c - a +0 hat (worn)
Scrolls
 e - a scroll of fear {unknown}
 f - a scroll of identify {unknown}
 h - a scroll of magic mapping {unknown}
 j - a scroll of noise {unknown}
 k - a scroll of blinking {unknown}
Potions
 d - 2 potions of attraction {unknown}
 g - a potion of invisibility {unknown}


   Skills:
 - Level 2.1 Dodging
 - Level 5.5 Stealth
 - Level 3.0 Spellcasting
 - Level 0.6 Conjurations
 - Level 1.0 Summonings
 - Level 0.7 Translocations
 + Level 0.7 Air Magic
 + Level 0.5 Poison Magic


You had 4 spell levels left.
You knew the following spells:

 Your Spells              Type           Power      Damage    Failure   Level
a - Magic Dart            Conj           16%        1d3       14%         1
b - Mephitic Cloud        Conj/Pois/Air  4%         N/A       38%         3

Your spell library contained the following spells:

 Spells                   Type           Power      Damage    Failure   Level
 Call Imp                 Summ           5%         N/A       17%         2
 Blink                    Tloc           N/A        N/A       21%         2
 Slow                     Hex            2%         N/A       26%         2
 Conjure Flame            Conj/Fire      3%         6-21      43%         3


Dungeon Overview and Level Annotations

Branches:
Dungeon (2/15)

Altars:


Innate Abilities, Weirdness & Mutations

Your natural rate of healing is accelerated.
You have razor-sharp teeth.
You have supernaturally acute eyesight. (SInv)
You are afflicted with vampirism and can become a bat while bloodless.


Message History

The magic dart hits the hobgoblin.
The hobgoblin is almost dead.
The endoplasm freezes you.
You are frozen.
* * * LOW HITPOINT WARNING * * *
The hobgoblin hits you.
* * * LOW HITPOINT WARNING * * *
Unknown command.
Casting: Magic Dart (safe; 14% risk of failure)
Confirm with . or Enter, or press ? or * to list all spells.
Aiming: Magic Dart (safe; 14% risk of failure)
Press: ? - help, Shift-Dir - straight line, f/p - hobgoblin
Aim: a hobgoblin (almost dead, 100% to hit)
The magic dart hits the hobgoblin.
You kill the hobgoblin!
The endoplasm freezes you.
You are frozen.
* * * LOW HITPOINT WARNING * * *
You see here a hobgoblin corpse.
You hit the endoplasm.
The endoplasm is heavily wounded.
The endoplasm barely misses you.
You hit the endoplasm.
The endoplasm is almost dead.
The endoplasm hits you.
* * * LOW HITPOINT WARNING * * *
The endoplasm freezes you.
You are frozen.
* * * LOW HITPOINT WARNING * * *
Casting: Magic Dart (safe; 14% risk of failure)
Confirm with . or Enter, or press ? or * to list all spells.
Aiming: Magic Dart (safe; 14% risk of failure)
Press: ? - help, Shift-Dir - straight line, f - endoplasm
Aim: an endoplasm (heavily wounded, 100% to hit)
You miscast Magic Dart.
You are very lightly contaminated with residual magic.
Nothing appears to happen.
The endoplasm freezes you.
You are frozen.
You die...

####...### ##.#####.##.#####.#.#
#........####...#...........#.#.#
#.##......##......##.##.###......
.#.†.............#...##.#####....
#.###.....#.......#####.........#
#.# ##...##.#..........[#########
..# #####..####........# ###
####..# #J.^###.## .#
#.....####@...##.# ##
.######.##.......>...#.# #.
...............#.##..#.# ######.
...####.#####..#.......# #......
........# #..####..### #.####.
...###### #..# #..# #.# #.
#.#.### #..# #..# #)# ## ......#
#..# #..######.### #.#.#.# #..#
#...........##


You could see an endoplasm.

Vanquished Creatures
  An adder (D:1)
  A dart slug (D:1)
  5 giant cockroaches
  2 goblins (D:1)
  7 hobgoblins (D:1)
  2 jackals (D:1)
  A kobold (D:1)
  A quokka (D:1)
  2 bats (D:1)
  A frilled lizard (D:1)
  5 rats (D:1)
28 creatures vanquished.

Notes
Turn   | Place    | Note
-------+----------+-------------------------------------------
     0 | D:1      | SnakkuSnakku7 the Vampire Hedge Wizard began the quest for
                  | the Orb.
     0 | D:1      | Reached XP level 1. HP: 13/13 MP: 4/4
   127 | D:1      | Reached skill level 4 in Stealth
   142 | D:1      | Found a faded altar of an unknown god.
   198 | D:1      | Reached XP level 2. HP: 16/19 MP: 6/6
   488 | D:1      | Reached skill level 5 in Stealth
   755 | D:1      | Gained mutation: You are afflicted with vampirism and can
                  | become a bat while bloodless. [Vampire growth]
   755 | D:1      | Reached XP level 3. HP: 13/24 MP: 7/7
   759 | D:1      | Learned a level 3 spell: Mephitic Cloud
  1016 | D:1      | HP: 1/24 [frozen (2)]
  1044 | D:1      | Frozen to death by an endoplasm

Illustrated notes

Levels and vault maps discovered:
D:1:      dpeg_arrival_leaves_temple_mockup, layout_loops_ring,
          shapermc_ecumenical_altar_petra
D:2:      layout_rooms, basic_altar, minmay_misc_feat_chi, minmay_tromino_mix6,
          uniq_robin, uniq_terence

Skill      XL: |  1  2 |
---------------+-------+-----
Stealth        | 4 5 |  5.5
Dodging        | |  2.1
Spellcasting   | |  3.0
Conjurations   | |  0.6
Summonings     | |  1.0
Translocations | |  0.7
Air Magic      | |  0.7
Poison Magic   | |  0.5

Action                   || total
-------------------------++-------
Melee: Dagger            ||   175
       Bite              ||    14
 Cast: Magic Dart        ||    11
 Stab: Sleeping          ||     6
Armor: Robe              ||    38
Dodge: Dodged            ||   122
